 Dungeon Crawl Stone Soup version 0.31-a0-818-ge7c7cf74f0 (webtiles) character file.

Game seed: 17232883682584433753

329 LeprechaunX the Changeling (level 6, 0/41 HPs)
             Began as an Octopode Shapeshifter on Sept 22, 2023.
             Slain by a hound zombie (3 damage)
             ... in an ossuary.
             The game lasted 00:04:14 (2702 turns).

LeprechaunX the Changeling (Octopode Shapeshifter)  Turns: 2702, Time: 00:04:14

Health: 0/41       AC:  1    Str: 15    XL:     6   Next: 50%
Magic:  6/6        EV: 13    Int: 13    God:
Gold:   96         SH:  0    Dex: 11    Spells: 5/5 levels left

rFire   . .          .
                       - Unarmed
rCold   . . .        (no shield)
rNeg    . . .        (helmet currently unavailable)
rPois   +            (no amulet)
rElec   .            a - ring of ice
rCorr   .            t - ring of fire
SInv    .            v - ring of poison resistance
Will    .....        (no ring)
Stlth   ++           (no ring)
HPRegen 0.26/turn    (no ring)
MPRegen 0.10/turn    (no ring)
                     (no ring)

%: no passive effects
@: mighty, beast-form
A: beast (slay +2), almost no armour, amphibious, 8 rings, camouflage 1,
gelatinous body 1, (nimble swimmer 1), tentacles
a: Begin Untransformation


You were in an ossuary.
You were a hulking beast.
You visited 1 branch of the dungeon, and saw 4 of its levels.
You also visited: Ossuary.

You collected 96 gold pieces.

Inventory:

Missiles
 r - 2 boomerangs (quivered)
Jewellery
 a - a ring of ice (left tentacle)
 t - a ring of fire (right tentacle)
 v - a ring of poison resistance (on tentacle)
Talismans
 b - a beast talisman (active)
 c - a flux talisman
 u - a serpent talisman
Scrolls
 d - 6 scrolls of identify {unknown}
 e - a scroll of silence {unknown}
 f - 2 scrolls of vulnerability {unknown}
 g - a scroll of fog {unknown}
 i - 4 scrolls of teleportation {unknown}
 l - a scroll of enchant weapon {unknown}
 m - a scroll of blinking {unknown}
 n - a scroll of noise {unknown}
 s - a scroll of brand weapon {unknown}
Potions
 h - 2 potions of degeneration {unknown}
 j - 2 potions of might
 k - 3 potions of curing {unknown}
 o - a potion of resistance {unknown}
 p - a potion of enlightenment {unknown}
 q - a potion of attraction {unknown}


   Skills:
 + Level 2.8 Fighting
 + Level 3.4 Dodging
 + Level 4.1 Unarmed Combat
 * Level 4.7 Shapeshifting


You had 5 spell levels left.
You didn't know any spells.
Your spell library contained the following spells:

 Spells                   Type           Power      Damage    Failure   Level
 Freeze                   Ice            0%         1d3       30%         1
 Magic Dart               Conj           0%         1d3       30%         1
 Call Imp                 Summ           0%         N/A       43%         2
 Lesser Beckoning         Tloc           0%         N/A       43%         2
 Frozen Ramparts          Ice            0%         1d1       67%         3
 Gell's Gravitas          Tloc           0%         N/A       67%         3
 Hailstorm                Conj/Ice       0%         3d3       67%         3
 Mephitic Cloud           Conj/Pois/Air  0%         N/A       67%         3
 Teleport Other           Tloc           0%         N/A       67%         3


Dungeon Overview and Level Annotations

Branches:
Dungeon (4/15)            Ossuary (1/1)
 Temple: D:4-7

Altars:
Vehumet

Shops:
D:3 (


Innate Abilities, Weirdness & Mutations

You are a hulking beast.
Your limbs bulge with bestial killing power. (Slay +2)
You cannot wear most types of armour.
You are amphibious.
You can wear up to eight rings at the same time.
Your skin changes colour to match your surroundings (Stealth+).
Your rubbery body absorbs attacks. (AC +1, EV +1)
((You are camouflaged when in or above water. (Stealth+)))
You have tentacles for arms and can constrict up to eight enemies at once.


Message History

The hound zombie barely misses you.
A mummy comes into view.
Found a gate leading back out of this place.
The hound zombie bites you. x2
The hound zombie attacks as it pursues you!
The hound zombie bites you but does no damage.
You tentacle-slap the hound zombie. Your grab misses the hound zombie.
The hound zombie is lightly damaged.
The hound zombie bites you. The hound zombie misses you.
You tentacle-slap the hound zombie. You grab the hound zombie.
The hound zombie is moderately damaged.
You constrict the hound zombie. The hound zombie bites you. x2
You release your grip on the hound zombie.
The hound zombie bites you but does no damage.
The hound zombie bites you. The hound zombie barely misses you.
You barely miss the hound zombie. Your grab misses the hound zombie.
The hound zombie is moderately damaged.
The hound zombie barely misses you. The hound zombie closely misses you.
You tentacle-slap the hound zombie. You grab the hound zombie.
The hound zombie is heavily damaged.
You constrict the hound zombie. The hound zombie misses you.
The hound zombie closely misses you.
You release your grip on the hound zombie.
The hound zombie bites you.
* * * LOW HITPOINT WARNING * * *
You barely miss the hound zombie. Your grab misses the hound zombie.
The hound zombie misses you. x2; The hound zombie bites you.
* * * LOW HITPOINT WARNING * * *
It was a potion of might.
You feel very mighty all of a sudden. The hound zombie closely misses you.
The hound zombie barely misses you.
You tentacle-slap the hound zombie. You grab the hound zombie.
Your squeeze misses the hound zombie.
The hound zombie is lightly damaged.
You constrict the hound zombie. The hound zombie bites you.
* * * LOW HITPOINT WARNING * * *
The hound zombie bites you.
* * * LOW HITPOINT WARNING * * *
The hound zombie bites you.
You die...

#################
.......ZZ.∩......
......ZZZh........
......MZ#####.....
..................
.........Z........
.##...............
#...............
.................
..................
..................


You could see a mummy, an adder zombie, 3 hound zombies, an orc zombie and an
elf zombie.

Vanquished Creatures
  Sigmund (D:3)
  A jelly (D:4)
  An orc priest (D:4)
  3 gnolls (D:2)
  An adder (D:2)
  An ufetubus (D:4)
  A worm (D:2)
  6 orcs
  2 ball pythons
  7 endoplasms
  3 giant cockroaches
  4 hobgoblins
  3 jackals (D:3)
  11 kobolds
  A quokka (D:1)
  3 bats
  4 frilled lizards
  7 goblins
  A jackal zombie (Ossuary)
  6 rats
67 creatures vanquished.

Notes
Turn   | Place    | Note
-------+----------+-------------------------------------------
     0 | D:1      | LeprechaunX the Octopode Shapeshifter began the quest for
                  | the Orb.
     0 | D:1      | Reached XP level 1. HP: 13/13 MP: 1/1
   212 | D:1      | Reached XP level 2. HP: 18/18 MP: 2/2
   662 | D:1      | Reached XP level 3. HP: 23/23 MP: 3/3
  1367 | D:2      | Reached XP level 4. HP: 29/29 MP: 4/4
  1727 | D:3      | Noticed Sigmund
  1735 | D:3      | Killed Sigmund
  1736 | D:3      | Reached XP level 5. HP: 35/35 MP: 5/5
  1736 | D:3      | Reached XP level 6. HP: 41/41 MP: 6/6
  1891 | D:3      | Found Juuzaok's Weapon Shoppe.
  2158 | D:3      | Found a radiant altar of Vehumet.
  2674 | D:4      | Found a sand-covered staircase.
  2681 | Ossuary  | Entered an ossuary
  2702 | Ossuary  | Slain by a hound zombie

Illustrated notes

Levels and vault maps discovered:
D:1:      amcnicky_arrival_underground_garden, layout_basic
D:2:      layout_loops_ring, eino_curves_04
D:3:      layout_loops_ring, mainiacjoe_overflow_concentric_impassable,
          serial_shops, nicolae_shop_bloodbath_and_beyond, uniq_sigmund
D:4:      layout_loops_cross, lemuel_tele_altar, enter_ossuary_2,
          minmay_misc_feat_cross, nicolae_shop_clearance
Ossuary:  ossuary_minmay_tomb_2a

Skill      XL: |  1  2  3  4  5  6 |
---------------+-------------------+-----
Fighting       | 2 |  2.8
Dodging        | 3 |  3.4
Shapeshifting  | 4 |  4.7
Unarmed Combat | 4 |  4.1

Action                     |  1- 3 |  4- 6 || total
---------------------------+-------+-------++-------
  Melee: Unarmed           |    54 |    70 ||   124
         Constrict         |    16 |    18 ||    34
         Tentacles         |     9 |     9 ||    18
         Punch             |     4 |     1 ||     5
  Throw: Boomerang         |       |     4 ||     4
    Use: Potion            |       |     2 ||     2
   Stab: Sleeping          |     6 |     8 ||    14
 Armour: Skin              |    14 |    38 ||    52
  Dodge: Dodged            |    22 |    41 ||    63

Table legend: (Time is in decaauts)
 A = Elapsed time spent in this place.
 B = Non-inter-level travel time spent in this place.
 C = Inter-level travel time spent in this place.
 D = Time resting spent in this place.
 E = Time spent auto-exploring this place.
 F = Levels seen in this place.
 G = Mean time per level.
                   A        B        C        D        E       F      G
               +--------+--------+--------+--------+--------+-----+--------+
         Total |   2692 |   2642 |     50 |    179 |   1876 |   5 |  538.4 |
       Dungeon |   2672 |   2622 |     50 |    179 |   1876 |   4 |  668.0 |
       Ossuary |     20 |     20 |      0 |      0 |      0 |   1 |   20.0 |
               +--------+--------+--------+--------+--------+-----+--------+

Top non-repeatable levels by time:
     D:2: 902 daAuts
     D:1: 821 daAuts
     D:3: 713 daAuts
     D:4: 235 daAuts
 Ossuary: 20 daAuts
